 Dungeon Crawl Stone Soup version 0.25-a0-890-g62861fb (webtiles) character file.

Game seed: 10876644633472983411, levelgen mode: deterministic

102 BlueFish the Insei (level 4, 0/28 HPs)
             Began as an Octopode Transmuter on May 6, 2020.
             Slain by a goblin
             ... wielding a +0 club
             ... led by Robin
              (4 damage)
             ... on level 2 of the Dungeon.
             The game lasted 00:05:15 (1859 turns).

BlueFish the Insei (Octopode Transmuter)            Turns: 1859, Time: 00:05:16

Health: 0/28       AC:  1    Str: 10    XL:     4   Next: 78%
Magic:  7/7        EV: 13    Int: 15    God:
Gold:   82         SH:  0    Dex: 12    Spells: 1/7 levels left

rFire    . . .     SeeInvis .     - Unarmed
rCold    . . .     Gourm    .   (no shield)
rNeg     . . .     Faith    .   (helmet restricted)
rPois    .         Spirit   .   (no amulet)
rElec    .         Reflect  .   k - ring of attention (curse)
rCorr    .         Harm     .   (no ring)
MR       .....                  (no ring)
Stlth    ++........             (no ring)
HPRegen  0.09/turn              (no ring)
MPRegen  0.10/turn              (no ring)
                                (no ring)
                                (no ring)

@: no status effects
A: almost no armour, stealthy swim, amphibious, 8 rings, constrict 8, camouflage
1, gelatinous body 1
a: no special abilities


You were on level 2 of the Dungeon.
You were hungry.

You visited 1 branch of the dungeon, and saw 3 of its levels.

You collected 82 gold pieces.

Inventory:

Missiles
 a - 63 arrows
 d - 3 stones (quivered)
Jewellery
 k - a cursed ring of attention (left tentacle)
Potions
 e - 2 potions of stabbing
 f - 2 potions of haste
 g - a potion of lignification {unknown}
 h - a potion of curing {unknown}
 i - a potion of ambrosia {unknown}
Comestibles
 b - 6 chunks of flesh
 c - 4 rations


   Skills:
 * Level 1.6 Fighting
 * Level 2.3 Dodging
 * Level 2.3 Stealth
 * Level 3.8 Unarmed Combat
 + Level 2.2 Spellcasting
 * Level 2.4 Transmutations
 * Level 1.2 Poison Magic


You had one spell level left.
You knew the following spells:

 Your Spells              Type           Power        Failure   Level  Hunger
a - Beastly Appendage     Tmut           #.....       8%          1    #......
b - Sticks to Snakes      Tmut           #.......     12%         2    ###....
c - Spider Form           Tmut/Pois      #.........   30%         3    ###....

Your spell library contained the following spells:

 Spells                   Type           Power        Failure   Level  Hunger
 Magic Dart               Conj           #...         22%         1    #......
 Blink                    Tloc           N/A          32%         2    ###....
 Call Imp                 Summ           #.......     32%         2    ###....
 Slow                     Hex            #.......     32%         2    ###....
 Mephitic Cloud           Conj/Pois/Air  #.......     50%         3    ###....
 Conjure Flame            Conj/Fire      #.......     54%         3    ###....
 Ice Form                 Ice/Tmut       #.......     78%         4    #####..
 Blade Hands              Tmut           #.........   91%         5    ######.


Dungeon Overview and Level Annotations

Branches:
Dungeon (3/15)

Altars:

Annotations:
D:3 Jessica, Robin


Innate Abilities, Weirdness & Mutations

You cannot wear most types of armour.
You are very stealthy in the water. (Stealth+)
You are amphibious.
You can wear up to eight rings at the same time.
You can use your tentacles to constrict eight enemies at once.
Your skin changes colour to match your surroundings (Stealth+).
Your rubbery body absorbs attacks. (AC +1, EV +1)


Message History

The orc priest begins to cast a cantrip, but forgets the words!
The goblin moves out of view.
The goblin hits you.
Found a whip.
Robin throws the goblin at you! The goblin hits you but does no damage.
The goblin hits you.
There is a stone staircase leading up here.
You are feeling hungry.
The goblin hits you but does no damage. The goblin hits you with a +0 club.
* * * LOW HITPOINT WARNING * * *
The goblin closely misses you.
You climb upwards.
There is a stone staircase leading down here.
The goblin hits you.
* * * LOW HITPOINT WARNING * * *
Your tentacle spike disappears.
The goblin hits you with a +0 club.
* * * LOW HITPOINT WARNING * * *
The goblin hits you with a +0 club.
You die...

..###............#..............#
#...............##....)..#...####
............#...##.......###..#
[#..............##.#.##### #..###
............#........# #.....
............#...)....# #.....
............#.g.....^# #.....
..####......#.#g..##.#######.<...
#.# #........g.@.....#..........
#.## #.......####.......####.####
...###.......# #........# #.#
##.....>.....# ##...###.# #.#
######.......# ##......###.# #
#.......# #.....).##.# #.......#
#........#.#### ####.####
#....#......... #..#
#....#.........


You could see 3 goblins.

Vanquished Creatures
  4 adders (D:2)
  An ooze (D:1)
  2 worms
  3 dart slugs
  A leopard gecko (D:1)
  A ball python (D:2)
  8 bats
  2 giant cockroaches (D:1)
  6 goblins
  4 hobgoblins
  7 kobolds
  3 quokkas (D:2)
  2 frilled lizards
  6 rats
50 creatures vanquished.

Notes
Turn   | Place    | Note
-------+----------+-------------------------------------------
     0 | D:1      | BlueFish the Octopode Transmuter began the quest for the
                  | Orb.
     0 | D:1      | Reached XP level 1. HP: 13/13 MP: 3/3
   127 | D:1      | Reached XP level 2. HP: 18/18 MP: 3/5
   134 | D:1      | Learned a level 2 spell: Sticks to Snakes
   571 | D:1      | Reached XP level 3. HP: 18/23 MP: 4/6
   576 | D:1      | Learned a level 3 spell: Spider Form
   639 | D:1      | Reached skill level 1 in Stealth
  1206 | D:2      | Reached XP level 4. HP: 26/28 MP: 5/7
  1354 | D:2      | Reached skill level 1 in Poison Magic
  1835 | D:3      | Noticed Robin
  1843 | D:3      | Noticed Jessica
  1859 | D:2      | Slain by a goblin

Levels and vault maps discovered:
D:1:      dpeg_arrival_simpleton_b, layout_loops_corners
D:2:      layout_rooms
D:3:      layout_rooms, chequers_ecumenical_altar_simple, uniq_robin,
          uniq_jessica, uniq_natasha

Skill      XL: |  1  2  3  4 |
---------------+-------------+-----
Stealth        | 1 2 |  2.3
Poison Magic   | 1 |  1.2
Fighting       | |  1.6
Dodging        | |  2.3
Unarmed Combat | |  3.8
Spellcasting   | |  2.2
Transmutations | |  2.4

Action                   |  1- 3 |  4- 6 || total
-------------------------+-------+-------++-------
Melee: Unarmed           |    60 |    45 ||   105
       Constrict         |    16 |    12 ||    28
       Kick              |     6 |     8 ||    14
       Tentacles         |     5 |     2 ||     7
       Punch             |     2 |       ||     2
 Cast: Beastly Appendage |    16 |    14 ||    30
  Use: Scroll            |     4 |     2 ||     6
 Stab: Sleeping          |     5 |     1 ||     6
  Eat: Chunk             |     1 |     2 ||     3
Armor: Skin              |    10 |    10 ||    20
Dodge: Dodged            |    44 |    31 ||    75

Table legend:
 A = Non-vault XP
 B = Vault XP
 C = Vault XP percentage of total XP
 D = Non-vault monster count
 E = Vault monster count
 F = Vault count percentage of total count
                 A         B        C        D         E       F
            +---------+---------+-------+---------+---------+-------
      Total |     145 |       2 |   1.4 |      49 |       1 |   2.0
            +---------+---------+-------+---------+---------+-------
        D:1 |      46 |       0 |   0.0 |      21 |       0 |   0.0
        D:2 |      86 |       0 |   0.0 |      22 |       0 |   0.0
        D:3 |      13 |       2 |  13.3 |       6 |       1 |  14.3
            +---------+---------+-------+---------+---------+-------
